Map: [ESL] Alcyone

Players

soO

  • Race: Zerg Zerg
  • Spawn Location: 7:00

Harstem - Winner!

  • Race: Protoss Protoss
  • Spawn Location: 1:00

Event: ESL Spring 2024 Finals

VOD

Have the link to the VOD?

Description

Time

  • Played on: May 31, 2024, 9:29 p.m.
  • Length: 21:26

All games in this series

Show
View Real Time Build Order
Export as new Build Order

soO Zerg 

Build Orders: Hatch First, Brood Lord Corruptor 

Get SALT Encoding   

  12  0:00  Drone  
  13  0:11  Overlord  
  13  0:16  Drone  
  14  0:29  Drone  
  14  0:30  Drone  
  16  0:47  Hatchery  
  15  0:50  Drone  
  15  0:54  Drone  
  15  0:56  Drone  
  18  1:08  Extractor  
  17  1:12  Spawning Pool  
  17  1:15  Drone  
  17  1:19  Drone  
  18  1:27  Drone  
  19  1:37  Drone  
  20  1:48  Overlord  
  20  1:58  Queen x2  
  20  1:59  Zergling x2  
  20  2:00  Zergling x2  
  26  2:09  Drone  
  26  2:10  Drone  
  26  2:12  Metabolic Boost  
  28  2:20  Drone  
  28  2:21  Drone  
  30  2:30  Drone  
  30  2:32  Drone  
  32  2:39  Hatchery  
  32  2:43  Queen  
  33  2:47  Overlord  
  33  2:52  Zergling x2  
  33  2:56  Drone x2  
  36  3:04  Overlord  
  36  3:05  Queen  
  36  3:08  Zergling x2  
  36  3:09  Zergling x2  
  40  3:13  Drone  
  40  3:15  Overlord  
  40  3:19  Overlord  
  41  3:25  Queen  
  43  3:32  Overlord  
  43  3:36  Drone x2  
  43  3:37  Overlord  
  43  3:41  Drone  
  45  3:44  Queen  
  46  3:50  Drone x2  
  46  3:52  Drone x3  
  46  3:54  Drone  
  52  3:58  Spore Crawler  
  52  4:00  Drone x2  
  53  4:09  Drone  
  54  4:12  Spore Crawler  
  54  4:13  Overlord  
  54  4:15  Drone x4  
  57  4:21  Overlord  
  57  4:23  Drone  
  57  4:24  Evolution Chamber  
  57  4:26  Drone x2  
  57  4:29  Drone  
  57  4:30  Drone  
  60  4:32  Drone  
  60  4:34  Drone x2  
  60  4:37  Drone  
  64  4:40  Overlord  
  64  4:42  Drone x2  
  66  4:47  Zergling x6  
  66  4:54  Drone x3  
  66  4:55  Overlord  
  66  4:56  Drone  
  66  4:58  Zerg Melee Weapons Level 1  
  70  5:04  Drone  
  70  5:05  Drone, Spore Crawler  
  70  5:07  Drone  
  72  5:08  Drone  
  72  5:09  Extractor  
  72  5:11  Zergling x2  
  72  5:12  Zergling x8  
  77  5:18  Hatchery  
  76  5:25  Zergling x8  
  76  5:27  Drone x2  
  82  5:30  Roach Warren  
  80  5:44  Zergling x4  
  80  5:45  Zergling x18, Lair  
  90  5:55  Zergling x8  
  94  6:00  Extractor  
  94  6:01  Extractor  
  94  6:02  Drone x2, Extractor  
  94  6:12  Roach x3  
  100  6:20  Zergling x6, Roach x2  
  100  6:22  Overlord  
  100  6:23  Overlord  
  100  6:25  Overlord  
  105  6:26  Overlord  
  105  6:30  Overlord  
  104  6:33  Overlord  
  104  6:34  Drone x5  
  107  6:42  Drone  
  107  6:43  Drone x2  
  107  6:44  Drone, Glial Reconstitution  
  111  6:47  Drone x3  
  111  6:48  Drone x3  
  111  6:53  Zerg Melee Weapons Level 2  
  117  6:55  Drone x3  
  117  7:00  Drone  
  121  7:04  Infestation Pit  
  121  7:05  Drone x2  
  121  7:06  Baneling Nest  
  121  7:11  Drone x4  
  125  7:17  Zergling x16  
  125  7:18  Overseer  
  132  7:28  Roach x4  
  132  7:29  Roach x3  
  144  7:33  Ravager x2  
  144  7:34  Roach  
  144  7:35  Roach x2  
  149  7:45  Zergling x12  
  149  7:50  Drone x4  
  156  7:56  Hive  
  156  7:58  Centrifugal Hooks  
  156  8:00  Hatchery  
  156  8:01  Zergling x8  
  159  8:06  Overlord  
  159  8:08  Overlord  
  159  8:10  Overlord, Extractor x2  
  159  8:12  Overlord  
  157  8:13  Drone x2  
  157  8:17  Overlord x2  
  159  8:20  Overlord  
  159  8:33  Zergling x22  
  170  8:35  Overseer, Spire  
  170  8:36  Extractor  
  170  8:37  Drone x2  
  170  8:38  Drone x2  
  170  8:41  Pneumatized Carapace  
  172  8:50  Drone x3  
  172  8:51  Drone x2  
  176  8:55  Drone x2  
  176  8:56  Drone  
  176  8:57  Zergling x12  
  185  9:07  Zergling x6  
  185  9:10  Baneling x9  
  185  9:13  Extractor  
  185  9:15  Adrenal Glands  
  179  9:30  Zerg Melee Weapons Level 3  
  176  9:32  Drone x2, Evolution Chamber  
  177  9:44  Baneling x10  
  172  9:49  Zergling x2  
  172  9:50  Zergling x56  
  183  9:56  Greater Spire  
  183  9:58  Zerg Ground Armor Level 1  
  183  9:59  Drone x3  
  186  10:04  Baneling x19  
  186  10:05  Zergling x8  
  190  10:10  Hatchery  
  189  10:15  Zergling x16  
  189  10:16  Zergling x6  
  200  10:21  Baneling x4  
  200  10:22  Baneling x9  
  199  10:31  Hatchery  
  197  10:42  Corruptor x2  
  195  10:54  Baneling x13  
  195  10:57  Baneling x4  
  195  11:00  Ultralisk Cavern  
  180  11:16  Zergling x2  
  180  11:17  Zergling x44  
  189  11:29  Corruptor x3  
  189  11:30  Corruptor  
  194  11:35  Brood Lord x2  
  198  11:46  Corruptor  
  198  11:48  Overlord  
  198  11:50  Overlord x2  
  194  11:55  Baneling  
  194  11:56  Baneling x12  
  192  12:04  Baneling  
  192  12:05  Baneling x10, Brood Lord x2  
  192  12:06  Brood Lord x2  
  194  12:10  Spine Crawler  
  194  12:11  Spine Crawler x2  
  194  12:12  Zergling x20  
  194  12:13  Spine Crawler  
  197  12:15  Baneling  
  197  12:16  Baneling x14  
  197  12:18  Brood Lord  
  191  12:24  Drone x3  
  191  12:26  Corruptor x3  
  199  12:38  Drone  
  199  12:42  Hatchery  
  183  12:59  Brood Lord x2  
  183  13:00  Drone x3, Brood Lord  
  183  13:02  Zerg Flyer Weapons Level 1, Zerg Ground Armor Level 2  
  183  13:03  Chitinous Plating  
  192  13:18  Zergling x2  
  192  13:19  Zergling x12  
  199  13:26  Hatchery  
  191  13:41  Zergling x14  
  191  13:42  Zergling x2  
  192  14:04  Baneling x16  
  192  14:11  Zergling x10  
  193  14:32  Drone  
  193  14:34  Zergling x12  
  199  14:59  Zerg Flyer Weapons Level 2  
  199  15:02  Drone  
  199  15:04  Spine Crawler  
  199  15:05  Spine Crawler x2  
  199  15:06  Spine Crawler  
  183  15:24  Corruptor x7  
  188  15:28  Zergling x2  
  188  15:29  Zergling x22  
  192  15:40  Zergling x38, Ultralisk  
  198  15:48  Ravager x2  
  198  15:49  Baneling x7  
  198  15:50  Baneling x19  
  192  16:03  Zergling x2, Ultralisk x3  
  159  16:23  Zergling x40, Ultralisk x4  
  159  16:24  Zergling x14  
  167  16:28  Zergling x2, Ultralisk x3  
  167  16:29  Zergling x18  
  183  16:33  Zergling x2  
  183  16:37  Ultralisk x2  
  193  16:45  Zergling x18, Ultralisk  
  198  16:48  Zergling x4  
  194  16:54  Zergling x2  
  194  16:55  Zergling x2  
  193  17:05  Zergling x8, Ultralisk  
  185  17:23  Corruptor x2  
  185  17:24  Corruptor x3  
  185  17:34  Corruptor  
  185  17:35  Zergling x4  
  185  17:36  Zergling x4  
  187  17:40  Ultralisk  
  187  17:41  Zergling x4  
  179  17:44  Corruptor  
  179  17:47  Zergling x6  
  177  17:52  Ultralisk  
  177  17:53  Zergling x6  
  177  17:58  Zergling x4  
  122  18:29  Ultralisk  
  122  18:30  Zergling x10  
  129  18:37  Ultralisk  
  129  18:38  Zergling x8  
  138  18:48  Zergling x4  
  121  18:51  Zergling x4  
  61  19:04  Zergling x6  
  63  19:10  Zergling x4  
  63  19:14  Zergling x2  
  64  19:22  Zergling x6  
  64  19:24  Zergling x2  
  68  19:27  Zergling x2  
  68  19:29  Zergling x2  
  61  19:36  Zergling x2  
  61  19:37  Zergling x4  
  49  19:44  Zergling x2  
  49  19:45  Zergling x2  
  45  19:59  Zergling x6  
  46  20:07  Zergling x4  
  46  20:13  Zergling x2  
  49  20:20  Zergling x2  
  49  20:23  Zergling x4  
  50  20:33  Zergling x4  
  37  20:37  Zergling x2  
  32  20:48  Zergling x4  
Show
View Real Time Build Order
Export as new Build Order

Harstem Protoss - Winner!

Build Orders: 1 Gate Expand, Oracle Opening, Archon Immortal 

Get SALT Encoding   

  12  0:00  Probe  
  13  0:12  Probe  
  14  0:17  Pylon  
  14  0:24  Probe (Chrono Boost)  
  14  0:28  Assimilator  
  15  0:36  Probe (Chrono Boost)  
  16  0:45  Probe (Chrono Boost)  
  16  0:46  Gateway  
  17  0:51  Probe  
  18  1:03  Probe  
  19  1:15  Probe  
  20  1:23  Nexus  
  20  1:33  Cybernetics Core  
  20  1:34  Probe  
  21  1:40  Assimilator  
  21  1:46  Probe  
  22  1:49  Pylon  
  22  1:58  Probe  
  23  2:09  Adept (Chrono Boost)  
  23  2:10  Probe, Stargate  
  26  2:22  Probe  
  26  2:23  Warp Gate  
  27  2:31  Adept (Chrono Boost)  
  27  2:35  Probe x2  
  31  2:47  Probe x2  
  33  2:51  Oracle (Chrono Boost)  
  38  2:59  Adept, Probe  
  38  3:00  Probe  
  40  3:06  Pylon  
  40  3:11  Probe  
  41  3:13  Probe  
  41  3:23  Oracle (Chrono Boost), Gateway, Probe  
  41  3:25  Probe  
  46  3:35  Probe  
  46  3:39  Probe  
  47  3:47  Probe  
  48  3:51  Nexus  
  48  3:53  Probe  
  48  3:55  Pylon  
  49  4:01  Probe  
  50  4:04  Twilight Council  
  50  4:06  Probe  
  51  4:13  Probe  
  52  4:20  Assimilator  
  53  4:25  Gateway, Probe  
  53  4:26  Gateway  
  53  4:27  Probe, Pylon  
  54  4:33  Blink (Chrono Boost)  
  54  4:35  Assimilator  
  54  4:38  Probe  
  55  4:39  Probe  
  55  4:44  Stalker  
  58  4:50  Probe  
  58  4:51  Stalker, Probe  
  60  5:02  Probe  
  60  5:03  Probe  
  60  5:06  Probe  
  63  5:08  Stalker  
  63  5:13  Forge  
  66  5:14  Probe  
  66  5:15  Stalker, Probe  
  66  5:19  Stalker, Probe  
  72  5:22  Stalker  
  72  5:25  Pylon  
  72  5:26  Probe  
  72  5:28  Probe  
  73  5:35  Stalker  
  73  5:38  Stalker  
  73  5:39  Probe  
  73  5:42  Probe  
  79  5:43  Stalker  
  79  5:44  Probe  
  79  5:46  Protoss Ground Weapons Level 1 (Chrono Boost)  
  79  5:48  Stalker  
  84  5:51  Probe  
  84  5:52  Assimilator  
  84  5:55  Probe  
  84  5:57  Assimilator, Probe  
  84  6:00  Sentry  
  84  6:03  Zealot, Probe  
  90  6:05  Shield Battery  
  90  6:10  Probe  
  91  6:12  Templar Archives, Pylon  
  91  6:17  Stalker  
  93  6:24  Pylon  
  91  6:29  Probe  
  91  6:32  Probe x2  
  94  6:35  Charge  
  94  6:37  Gateway  
  94  6:38  Gateway  
  94  6:41  Probe  
  94  6:44  Robotics Facility, Probe x2  
  97  6:50  Psionic Storm  
  97  6:51  High Templar  
  97  6:52  Zealot, High Templar  
  97  6:53  Probe  
  97  6:54  Gateway  
  104  6:57  Gateway  
  104  6:59  Archon  
  104  7:03  Pylon  
  104  7:07  Shield Battery, Pylon  
  104  7:18  High Templar x2  
  104  7:21  Nexus  
  108  7:27  Zealot x2  
  108  7:28  Probe  
  108  7:29  Immortal (Chrono Boost)  
  112  7:30  Pylon  
  112  7:32  Pylon  
  112  7:33  High Templar  
  112  7:34  Zealot, Pylon  
  120  7:50  Nexus  
  118  7:53  Probe  
  118  7:55  Pylon  
  118  7:57  High Templar x2  
  123  7:59  Warp Prism (Chrono Boost), Photon Cannon  
  123  8:01  Photon Cannon  
  123  8:05  Probe  
  126  8:07  Robotics Facility, Protoss Ground Weapons Level 2 (Chrono Boost)  
  126  8:09  Pylon  
  126  8:10  Probe  
  128  8:12  Probe  
  128  8:16  Shield Battery  
  128  8:17  Photon Cannon  
  128  8:24  High Templar x2  
  128  8:25  Zealot x4  
  140  8:29  Archon  
  140  8:30  Immortal (Chrono Boost)  
  142  8:36  Probe  
  143  8:43  Probe  
  143  8:44  Probe  
  145  8:48  Assimilator  
  145  8:50  Assimilator  
  145  8:53  Gateway, High Templar x2  
  145  8:54  Zealot, Gateway  
  151  8:56  Pylon  
  151  9:00  Photon Cannon  
  149  9:06  Archon  
  149  9:07  Immortal (Chrono Boost)  
  157  9:11  Immortal (Chrono Boost)  
  157  9:13  Zealot x3  
  161  9:17  Pylon  
  157  9:26  High Templar x2  
  157  9:27  Zealot  
  157  9:28  Zealot x2  
  165  9:34  Probe  
  165  9:36  Pylon  
  165  9:38  Immortal (Chrono Boost)  
  166  9:47  Archon  
  158  9:54  High Templar x2  
  158  9:56  Zealot  
  158  9:57  Zealot x5  
  158  9:59  Probe  
  175  10:01  Photon Cannon  
  175  10:02  Archon  
  175  10:06  Photon Cannon  
  175  10:09  Zealot x2  
  179  10:18  Nexus  
  179  10:19  Fleet Beacon, Pylon  
  179  10:20  Observer  
  179  10:21  Zealot, Stargate  
  178  10:24  Zealot x2  
  184  10:29  High Templar x2  
  184  10:32  Stalker, Sentry  
  184  10:33  Archon  
  190  10:41  Stalker x3  
  190  10:45  Photon Cannon  
  182  10:50  High Templar x2  
  182  10:52  Immortal  
  182  10:56  Archon  
  190  11:01  Probe  
  190  11:03  Forge  
  191  11:08  Zealot x4  
  191  11:09  Protoss Shields Level 1 (Chrono Boost)  
  189  11:21  Stalker  
  189  11:22  Stalker x2  
  189  11:24  Zealot x3  
  183  11:33  Probe  
  183  11:34  Unknown  
  184  11:40  Protoss Ground Weapons Level 3 (Chrono Boost)  
  184  11:42  Pylon  
  184  11:43  High Templar x3  
  184  11:44  High Templar  
  184  11:49  Archon x2  
  184  11:52  Stalker x3  
  184  12:14  Observer, Probe  
  177  12:16  Photon Cannon  
  177  12:20  Probe  
  177  12:21  Probe x2, Photon Cannon  
  166  12:26  Probe, Pylon  
  166  12:28  Photon Cannon  
  167  12:30  Pylon  
  167  12:33  Probe  
  167  12:35  High Templar x4  
  167  12:36  Zealot x4  
  167  12:37  Zealot x2  
  186  12:43  Archon x2  
  176  12:51  Probe  
  176  12:55  Probe  
  176  12:58  Probe  
  159  12:59  Probe  
  159  13:03  Probe (Chrono Boost), High Templar x3, Pylon  
  159  13:04  High Templar  
  169  13:05  Stalker x2, Pylon  
  169  13:07  Probe (Chrono Boost)  
  169  13:10  Shield Battery  
  169  13:11  Probe (Chrono Boost)  
  177  13:14  Archon  
  177  13:15  Archon, Probe (Chrono Boost)  
  177  13:16  Assimilator, Observer (Chrono Boost), Probe (Chrono Boost)  
  177  13:18  Probe (Chrono Boost)  
  173  13:28  Stalker x6  
  177  13:42  Zealot x2  
  177  13:46  Stalker x2  
  175  13:57  Stalker x6  
  175  14:02  Probe x4  
  189  14:16  Tempest (Chrono Boost)  
  187  14:18  Tempest (Chrono Boost)  
  187  14:19  Protoss Air Weapons Level 1 (Chrono Boost)  
  177  14:30  Probe (Chrono Boost)  
  177  14:31  Probe (Chrono Boost)  
  180  14:36  Probe (Chrono Boost)  
  181  14:38  Probe (Chrono Boost)  
  175  14:48  Tempest (Chrono Boost)  
  175  14:49  High Templar x2  
  175  14:50  Tempest (Chrono Boost)  
  189  14:56  Archon  
  189  15:01  High Templar x2  
  189  15:05  Zealot x3  
  199  15:08  Archon  
  191  15:26  Tempest  
  178  15:38  Stalker x5  
  182  15:49  Zealot x5  
  162  16:22  Stalker x8  
  152  16:32  Zealot x2  
  150  16:46  Zealot x5, High Templar x2  
  163  16:52  Archon  
  147  17:08  Immortal x2  
  151  17:17  Zealot x3  
  157  17:26  Zealot x2  
  128  17:42  Zealot x2, High Templar x2  
  130  17:55  Archon  
  100  18:23  Zealot x2, High Templar x2  
  104  18:32  Archon  
  50  19:07  Zealot x2  
  42  20:03  Zealot, High Templar  
  34  20:53  Zealot x3  
Tags
 
Add a new tag
Caveats
  • Supply blocks, unpowered buildings, or Contaminate may cause inaccurate times.
  • Supply counts are checked every 10 seconds.